 Dungeon Crawl Stone Soup version 0.20-a0-823-gdec668e (webtiles) character file.

1271 Laan the Cleaver (level 8, -1/69 HPs)
             Began as a Naga Berserker on Mar 5, 2017.
             Was a Priest of Trog.
             Slain by Dolanko's ghost (12 damage)
             ... on level 7 of the Dungeon.
             The game lasted 00:14:56 (5311 turns).

Laan the Cleaver (Naga Berserker)                   Turns: 5311, Time: 00:14:57

Health: -1/69      AC: 15    Str: 24    XL:     8   Next: 53%
Magic:  8/8        EV:  8    Int: 10    God:    Trog [***...]
Gold:   129        SH:  0    Dex: 10    Spells: 7/7 levels left

rFire    . . .     SeeInvis +   b - +0 war axe
rCold    . . .     Gourm    .   y - +5 scale mail of the Kangaroo {+Inv MR+}
rNeg     . . .     Faith    .   (no shield)
rPois    +         Spirit   .   (no helmet)
rElec    +         Reflect  .   (no cloak)
rCorr    .         Harm     .   x - +1 pair of gloves of Jynatysh {rElec rPois MR- Str+4}
MR       +++..                  (no barding)
Stlth    ..........             (no amulet)
Regen    1.3/turn               (no ring)
MPRegen  0.2/turn               j - +2 ring of protection

@: exhausted, regenerating, slowed, very slow
A: see invisible, deformed body, poison resistance, slowness 2, slow metabolism
1, spit poison 1, AC +2
a: Spit Poison, Berserk, Trog's Hand, Burn Spellbooks, Renounce Religion, Evoke
Invisibility


You were on level 7 of the Dungeon.
You worshipped Trog.
Trog was most pleased with you.
You were full.

You visited 1 branch of the dungeon, and saw 7 of its levels.

You collected 366 gold pieces.
You spent 237 gold pieces at shops.

Inventory:

Hand Weapons
 b - a +0 war axe (weapon)
Armour
 x - the +1 pair of gloves of Jynatysh (worn) {rElec rPois MR- Str+4}
   (You found it on level 5 of the Dungeon)

   It affects your strength (+4).
   It insulates you from electricity.
   It protects you from poison.
   It affects your resistance to hostile enchantments.
 y - the +5 scale mail of the Kangaroo (worn) {+Inv MR+}
   (You bought it in a shop on level 5 of the Dungeon)

   It affects your resistance to hostile enchantments.
   It lets you turn invisible.
Jewellery
 j - a +2 ring of protection (left hand)
Wands
 m - a wand of scattershot (0/9)
 n - a wand of paralysis (4/24)
Scrolls
 a - a scroll of random uselessness {unknown}
 g - 4 scrolls of teleportation
 i - a scroll of remove curse
 q - a scroll of fear
 s - 4 scrolls of identify
 u - a scroll of enchant armour
 w - 2 scrolls of blinking
Potions
 d - 4 potions of magic
 e - a potion of mutation {unknown}
 k - a potion of lignification {unknown}
 l - a potion of haste {unknown}
 o - 2 potions of heal wounds {unknown}
 p - 2 potions of flight {unknown}
 r - 3 potions of curing {unknown}
 t - a potion of ambrosia {unknown}
 z - a potion of agility
Comestibles
 c - 7 bread rations
 f - 2 royal jellies
 v - 6 meat rations


   Skills:
 - Level 3.0 Fighting
 + Level 10.4 Axes
 - Level 1.5 Armour
 - Level 1.5 Dodging


You had 7 spell levels left.
You didn't know any spells.

Dungeon Overview and Level Annotations

Branches:
Dungeon (7/15)             Temple (0/1) D:5

Altars:
Elyvilon
Hepliaklqana
Okawaru

Shops:
D:4 (   D:5 ![

Annotations:
D:7 Dolanko's ghost, novice MfGl


Innate Abilities, Weirdness & Mutations

You cannot wear boots.
Your serpentine skin is tough. (AC +2)
You have supernaturally acute eyesight. (SInv)
Armour fits poorly on your strangely shaped body.
Your system is resistant to poisons. (rPois)
You cover ground very slowly.
You have a slow metabolism.
You can spit poison.


Message History

Dolanko's ghost hits you but does no damage.
You closely miss Dolanko's ghost.
Dolanko's ghost is almost destroyed.
Dolanko's ghost hits you but does no damage.
You miss Dolanko's ghost.
Dolanko's ghost is almost destroyed.
Dolanko's ghost hits you but does no damage.
You miss Dolanko's ghost.
Dolanko's ghost is almost destroyed.
Dolanko's ghost hits you!
* * * LOW HITPOINT WARNING * * *
Dolanko's ghost hits you.
* * * LOW HITPOINT WARNING * * *
You closely miss Dolanko's ghost.
Dolanko's ghost is almost destroyed.
Dolanko's ghost hits you but does no damage.
You closely miss Dolanko's ghost.
Dolanko's ghost is almost destroyed.
Dolanko's ghost hits you!
You die...

#.##
#..####..##
###
##.##...##
#.#..###
#...##
##..##
#.#.##
###..# ##.#
#@# ##W# .#
.. ... ....
.....
.)....


You could see Dolanko's ghost.

Vanquished Creatures
  The ghost of Aksej the Sneak, an amateur OpAs (D:4)
  A water moccasin (D:6)
  An ice beast (D:6)
  3 ogres
  3 crimson imps (D:5)
  3 orc wizards
  A hound (D:6)
  A bullfrog skeleton (D:4)
  An orc priest (D:4)
  A jelly (D:4)
  2 worker ants (D:4)
  A hound skeleton (D:5)
  A hound zombie (D:5)
  A worker ant zombie (D:5)
  12 adders
  3 gnolls (D:3)
  2 shadow imps
  3 adder skeletons
  An adder zombie (D:5)
  3 worms
  A dart slug (D:2)
  2 leopard geckos
  23 orcs
  A ball python (D:3)
  4 giant cockroaches
  12 goblins
  13 hobgoblins
  11 jackals
  6 quokkas
  5 bats
  6 frilled lizards
  4 kobolds
  A leopard gecko skeleton (D:6)
  15 rats
  A fungus (D:5)
150 creatures vanquished.

Notes
Turn   | Place    | Note
-------+----------+-------------------------------------------
     0 | D:1      | Laan the Naga Berserker began the quest for the Orb.
     0 | D:1      | Reached XP level 1. HP: 21/21 MP: 1/1
   481 | D:1      | Reached XP level 2. HP: 24/28 MP: 2/2
   769 | D:2      | Found a hazy altar of Hepliaklqana.
  1056 | D:2      | Reached skill level 4 in Axes
  1056 | D:2      | Reached XP level 3. HP: 23/34 MP: 3/3
  1653 | D:2      | Found a white marble altar of Elyvilon.
  1837 | D:2      | Reached XP level 4. HP: 39/42 MP: 4/4
  1891 | D:2      | Reached ** piety under Trog
  2083 | D:3      | Reached skill level 5 in Axes
  2103 | D:3      | Reached XP level 5. HP: 37/49 MP: 5/5
  2396 | D:3      | Reached skill level 6 in Axes
  2641 | D:3      | Reached *** piety under Trog
  2697 | D:3      | Reached XP level 6. HP: 56/56 MP: 6/6
  2747 | D:3      | Reached skill level 7 in Axes
  3247 | D:4      | Noticed Aksej's ghost (amateur OpAs)
  3255 | D:4      | Killed Aksej's ghost
  3255 | D:4      | Reached skill level 8 in Axes
  3255 | D:4      | Reached XP level 7. HP: 62/62 MP: 7/7
  3322 | D:4      | Found Geissed's Antique Weapon Shop.
  3831 | D:5      | Entered Level 5 of the Dungeon
  3923 | D:5      | Reached skill level 9 in Axes
  3961 | D:5      | Reached XP level 8. HP: 59/69 MP: 8/8
  4037 | D:5      | Found Jeali's Distillery.
  4046 | D:5      | Bought a potion of degeneration for 12 gold pieces
  4080 | D:5      | Found a staircase to the Ecumenical Temple.
  4185 | D:5      | Reached **** piety under Trog
  4302 | D:5      | Got a pair of brightly glowing gloves
  4308 | D:5      | Identified the +1 pair of gloves of Jynatysh {rElec rPois MR- Str+4} (You found it on level 5 of the Dungeon)
  4449 | D:5      | Found Lurchobum's Antique Armour Shop.
  4452 | D:5      | Bought a jewelled scale mail for 225 gold pieces
  4462 | D:5      | Identified the +5 scale mail of the Kangaroo {+Inv MR+} (You bought it in a shop on level 5 of the Dungeon)
  4545 | D:6      | Reached skill level 10 in Axes
  5107 | D:6      | Found an iron altar of Okawaru.
  5270 | D:7      | Noticed Dolanko's ghost (novice MfGl)
  5311 | D:7      | Slain by Dolanko's ghost

Vault maps used:
D:1:      tarquinn_simple_flora_water_b, columned_hall_lemuel
D:2:      overflow_temple_1_default, elyvilon_altar_4,
          kennysheep_generic_room_14
D:3:      first_bread, minmay_quantized
D:4:      serial_shops, nicolae_shop_overgrown_old_shop
D:5:      minmay_temple_entry_metal_lava, serial_shops, kennysheep_mini, shop,
          minmay_gold_behind_fungi, minmay_small_thing
D:6:      kennysheep_okawaru_gauntlet
D:7:      kennysheep_little_box

Skill      XL: |  1  2  3  4  5  6  7  8 |
---------------+-------------------------+-----
Axes           | 4 5 6 8 9 10 | 10.4
Fighting       | |  3.0
Armour         | |  1.5
Dodging        | |  1.5

Action                   |  1- 3 |  4- 6 |  7- 9 || total
-------------------------+-------+-------+-------++-------
Melee: Hand axe          |   150 |   191 |    46 ||   387
       War axe           |       |       |   210 ||   210
Invok: Berserk           |       |     5 |     2 ||     7
       Trog's Hand       |       |       |     2 ||     2
 Abil: Spit Poison       |       |       |     3 ||     3
Evoke: Wand              |       |       |     4 ||     4
  Use: Scroll            |       |     2 |     9 ||    11
  Eat: Chunk             |     2 |     8 |     6 ||    16
       Fruit             |       |       |     9 ||     9
Armor: Animal skin       |     3 |       |       ||     3
       Scale mail        |    32 |    80 |   138 ||   250
Dodge: Dodged            |    58 |    69 |    98 ||   225
